 Dungeon Crawl Stone Soup version 0.29-a0-243-g602b31c20e (webtiles) character file.

Game seed: 10283923927200650152

91 pascalblue the Stinger (level 4, -10/24 HPs)
             Began as a Deep Elf Venom Mage on Mar 4, 2022.
             Was an Initiate of Vehumet.
             Killed from afar by an orc wizard (11 damage)
             ... with a puff of flame
             ... on level 4 of the Dungeon.
             The game lasted 00:10:23 (4200 turns).

pascalblue the Stinger (Deep Elf Venom Mage)        Turns: 4200, Time: 00:10:24

Health: -10/24     AC:  5    Str:  5    XL:     4   Next: 34%
Magic:  3/11       EV: 12    Int: 22    God:    Vehumet [......]
Gold:   182        SH:  0    Dex: 15    Spells: 4/10 levels left

rFire   . . .      SeeInvis .   f - staff of conjuration
rCold   . . .      Faith    .   (no shield)
rNeg    . . .      Spirit   .   a - +1 robe
rPois   .          Reflect  .   k - +1 helmet
rElec   .          Harm     .   (no cloak)
rCorr   .          Rampage  .   (no gloves)
Will    .....                   (no boots)
Stlth   ++........              (no amulet)
HPRegen 0.08/turn               (no ring)
MPRegen 0.12/turn               (no ring)

@: very slightly contaminated
A: no striking features
a: Renounce Religion


You were on level 4 of the Dungeon.
You worshipped Vehumet.
Vehumet was noncommittal.
You visited 1 branch of the dungeon, and saw 4 of its levels.

You collected 182 gold pieces.

Inventory:

Hand Weapons
 c - a +1 dagger
 l - a +3 dagger of electrocution
Armour
 a - a +1 robe (worn)
 k - a +1 helmet (worn)
Magical Staves
 d - a staff of fire
 f - a staff of conjuration (weapon)
Wands
 m - a wand of flame (16)
Scrolls
 g - a scroll of teleportation
 o - a scroll of magic mapping {unknown}
 p - a scroll of amnesia {unknown}
 s - a scroll of identify
Potions
 b - 3 potions of heal wounds
 e - 2 potions of brilliance {unknown}
 h - a potion of degeneration {unknown}
 i - 3 potions of invisibility {unknown}
 j - 2 potions of attraction {unknown}
 n - a potion of curing {unknown}
 q - a potion of lignification {unknown}
 r - a potion of flight {unknown}


   Skills:
 + Level 2.6 Dodging
 + Level 2.9 Stealth
 + Level 3.8 Spellcasting
 + Level 0.7 Conjurations
 + Level 1.6 Transmutations
 + Level 0.5 Air Magic
 * Level 4.6 Poison Magic


You had 4 spell levels left.
You knew the following spells:

 Your Spells              Type           Power      Damage    Failure   Level
a - Sting                 Tmut/Pois      72%        1d6       3%          1
b - Poisonous Vapours     Pois/Air       30%        N/A       6%          2
c - Mephitic Cloud        Conj/Pois/Air  19%        N/A       16%         3

Your spell library contained the following spells:

 Spells                   Type           Power      Damage    Failure   Level
 Animate Skeleton         Necr           8%         N/A       12%         1
 Pain                     Necr           16%        1d4       12%         1
 Summon Small Mammal      Summ           16%        N/A       12%         1
 Corpse Rot               Necr/Air       10%        N/A       16%         2
 Olgreb's Toxic Radiance  Pois           24%        N/A       17%         4
 Call Canine Familiar     Summ           4%         N/A       34%         3
 Summon Guardian Golem    Hex/Summ       4%         N/A       34%         3
 Vampiric Draining        Necr           4%         2d6       34%         3


Dungeon Overview and Level Annotations

Branches:
Dungeon (4/15)
 Temple: D:4-7

Altars:
Fedhas
Nemelex Xobeh
Okawaru
Qazlal
Vehumet
Yredelemnul


Message History

Confirm with . or Enter, or press ? or * to list all spells.
Aiming: Sting (safe; 3% risk of failure)
Press: ? - help, Shift-Dir - straight line, f/p - orc wizard
Aim: an orc wizard, wielding a +0 dagger and wearing a +0 robe (lightly wounded, 67% to hit)
You miscast Sting.
You are very lightly contaminated with residual magic.
Nothing appears to happen.
The orc priest looks more healthy. x2
The orc wizard casts a spell at you. The magic dart hits you.
Casting: Sting (safe; 3% risk of failure)
Confirm with . or Enter, or press ? or * to list all spells.
Aiming: Sting (safe; 3% risk of failure)
Press: ? - help, Shift-Dir - straight line, f - orc priest, p - orc wizard
Aim: an orc priest, wielding a +0 club (moderately wounded, 74% to hit)
The sting hits the orc wizard but does no damage.
The orc wizard is poisoned.
The orc wizard is lightly wounded.
The orc wizard gestures at you while chanting.
You resist with some effort.
Casting: Sting (safe; 3% risk of failure)
Confirm with . or Enter, or press ? or * to list all spells.
Aiming: Sting (safe; 3% risk of failure)
Press: ? - help, Shift-Dir - straight line, f/p - orc priest
Aim: an orc priest, wielding a +0 club (moderately wounded, 74% to hit)
The sting misses the orc wizard.
The sting hits the orc priest.
The orc priest is poisoned.
The orc priest is moderately wounded.
The orc priest invokes the aid of Beogh against you.
Beogh smites you!
The orc wizard hits you with a +0 dagger.
The orc priest calls upon Beogh to heal the orc wizard.
The orc wizard is healed somewhat.
The orc wizard casts a spell at you. The puff of flame hits you!
* * * LOW HITPOINT WARNING * * *
The orc priest miscasts a cantrip.
The orc priest begins to cast a cantrip, but forgets the words!
The orc wizard points at you and mumbles some strange words.
The puff of flame hits you!
You die...

#.#.#######.
#####.#.#######.
##...#..<........
##....)...######..
#.........# #..
#.........# #..
#.#...#...######..
#.##.##.......##..
#@##......###.##..
#.##..##(####.##..
#.##..##.........#
#######o##..#######.####
.......o......#####.#
......#o##..........#
#####.#.# ##.#####.#
######.#.# #.#
.......?#.# #.#


You could see 2 orc priests and an orc wizard (poisoned).

Vanquished Creatures
  Robin (D:3)
  2 adders (D:3)
  A dart slug (D:2)
  3 ball pythons
  An endoplasm (D:1)
  3 giant cockroaches
  11 goblins
  5 hobgoblins
  5 jackals (D:3)
  4 quokkas
  5 bats
  2 frilled lizards (D:1)
  4 kobolds
  8 rats
55 creatures vanquished.

Notes
Turn   | Place    | Note
-------+----------+-------------------------------------------
     0 | D:1      | pascalblue the Deep Elf Venom Mage began the quest for the
                  | Orb.
     0 | D:1      | Reached XP level 1. HP: 10/10 MP: 6/6
   460 | D:1      | Reached XP level 2. HP: 15/15 MP: 6/8
   472 | D:1      | Learned a level 2 spell: Poisonous Vapours
   589 | D:1      | Reached skill level 4 in Poison Magic
  1817 | D:2      | Reached XP level 3. HP: 19/19 MP: 7/10
  1821 | D:2      | Learned a level 3 spell: Mephitic Cloud
  1969 | D:3      | Found a basalt altar of Yredelemnul.
  2276 | D:3      | Found a blossoming altar of Fedhas.
  2293 | D:3      | Found an iron altar of Okawaru.
  2412 | D:3      | Noticed Robin
  2736 | D:3      | Killed Robin
  2737 | D:3      | Reached XP level 4. HP: 10/24 MP: 1/11
  3257 | D:3      | Found a radiant altar of Vehumet.
  3257 | D:3      | Found a sparkling altar of Nemelex Xobeh.
  3289 | D:3      | Found a stormy altar of Qazlal.
  3304 | D:3      | Found a faded altar of an unknown god.
  4030 | D:3      | Became a worshipper of Vehumet
  4199 | D:4      | HP: 1/24 [orc wizard/puff of flame (10)]
  4200 | D:4      | Killed from afar by an orc wizard

Illustrated notes

Levels and vault maps discovered:
D:1:      psy_arrival_conway, layout_loops_cross
D:2:      layout_loops_ring
D:3:      layout_loops_corners, lemuel_crystal_altar, overflow_temple_1_default,
          mainiacjoe_overflow_alcove_2, nicolae_overflow_hidden_temple,
          ebering_ecumenical_altar_mist, uniq_robin
D:4:      layout_loops_ring, amcnicky_altar_gilded, minmay_temple_entry_fiery

Skill      XL: |  1  2 |
---------------+-------+-----
Poison Magic   | 4 |  4.6
Dodging        | |  2.6
Stealth        | |  2.9
Spellcasting   | |  3.8
Conjurations   | |  0.7
Transmutations | |  1.6
Air Magic      | |  0.5

Action                   |  1- 3 |  4- 6 || total
-------------------------+-------+-------++-------
Melee: Unarmed           |     5 |       ||     5
       Dagger            |    22 |     3 ||    25
       Staff             |       |    44 ||    44
 Cast: Sting             |    22 |     8 ||    30
       Poisonous Vapours |    29 |    13 ||    42
  Use: Scroll            |     6 |     1 ||     7
Armor: Robe              |    14 |    12 ||    26
Dodge: Dodged            |    28 |    40 ||    68

Table legend: (Time is in decaauts)
 A = Elapsed time spent in this place.
 B = Non-inter-level travel time spent in this place.
 C = Inter-level travel time spent in this place.
 D = Time resting spent in this place.
 E = Time spent auto-exploring this place.
 F = Levels seen in this place.
 G = Mean time per level.
                   A        B        C        D        E       F      G
               +--------+--------+--------+--------+--------+-----+--------+
         Total |   4212 |   4129 |     83 |    435 |   2709 |   4 | 1053.0 |
       Dungeon |   4212 |   4129 |     83 |    435 |   2709 |   4 | 1053.0 |
               +--------+--------+--------+--------+--------+-----+--------+

Top non-repeatable levels by time:
     D:3: 1955 daAuts
     D:1: 1065 daAuts
     D:2: 956 daAuts
     D:4: 235 daAuts
